 Dungeon Crawl Stone Soup version 0.28.0-45-g0d030f2227 (webtiles) character file.

Game seed: 5309788854414792450

5 nickcage the Skirmisher (level 1, -6/18 HPs)
             Began as a Formicid Abyssal Knight on Apr 14, 2022.
             Was an Initiate of Lugonu.
             Mangled by a gnoll
             ... wielding a +0 flail
              (9 damage)
             ... on level 1 of the Dungeon.
             The game lasted 00:00:26 (377 turns).

nickcage the Skirmisher (Formicid Abyssal Knight)    Turns: 377, Time: 00:00:26

Health: -6/18      AC:  3    Str: 17    XL:     1   Next: 88%
Magic:  2/2        EV: 11    Int:  9    God:    Lugonu [......]
Gold:   30         SH:  0    Dex: 11    Spells: 0/0 levels left

rFire   . . .      SeeInvis +   a - +1 falchion
rCold   . . .      Faith    .   (no shield)
rNeg    . . .      Spirit   .   b - +0 leather armour
rPois   .          Reflect  .   (helmet unavailable)
rElec   .          Harm     .   (no cloak)
rCorr   .          Rampage  .   (no gloves)
Will    .....                   (no boots)
Stlth   +.........              (no amulet)
HPRegen 0.06/turn               (no ring)
MPRegen 0.08/turn               (no ring)

@: no status effects
A: permanent stasis, dig shafts and tunnels, antennae 3, four strong arms
a: Dig, Shaft Self, Renounce Religion


You were on level 1 of the Dungeon.
You worshipped Lugonu.
Lugonu was noncommittal.
You visited 1 branch of the dungeon, and saw 1 of its levels.
You visited the Abyss 1 time.

You collected 30 gold pieces.

Inventory:

Hand Weapons
 a - a +1 falchion (weapon)
Armour
 b - a +0 leather armour (worn)


   Skills:
 - Level 3.2 Fighting
 + Level 2.5 Long Blades
 - Level 2.1 Armour
 - Level 0.8 Dodging
 - Level 2.1 Invocations


You couldn't memorise any spells.
You didn't know any spells.
Your spell library was empty.

Dungeon Overview and Level Annotations

Branches:
Dungeon (1/15)

Altars:


Innate Abilities, Weirdness & Mutations

You cannot be hasted, slowed, berserked, paralysed or teleported.
You can dig through walls and to a lower floor.
You have a pair of large antennae on your head. (SInv)
Your four strong arms can wield two-handed weapons with a shield.


Message History

You closely miss the kobold. The kobold hits you with a +0 dagger.
You hit the kobold.
The kobold is severely wounded.
The kobold closely misses you. x2
You slash the kobold!
You kill the kobold!
Lugonu accepts your kill.
No target in view!
You see here a +0 dagger.
An endoplasm comes into view.
An endoplasm is nearby!
The endoplasm freezes you.
You are frozen.
You slash the endoplasm!
You kill the endoplasm!
Lugonu accepts your kill.
No target in view!
No target in view!
Found 2 poisoned darts.
A gnoll comes into view. It is wielding a +0 flail.
Found a stone staircase leading down.
The gnoll shouts!
The gnoll moves out of view.
You closely miss the gnoll. The gnoll hits you with a +0 flail.
You hit the gnoll.
The gnoll is heavily wounded.
The gnoll closely misses you.
You barely miss the gnoll.
The gnoll is heavily wounded.
The gnoll hits you with a +0 flail.
You hit the gnoll but do no damage.
The gnoll is heavily wounded.
The gnoll hits you with a +0 flail!
Ouch! That really hurt!
* * * LOW HITPOINT WARNING * * *
You closely miss the gnoll.
The gnoll is heavily wounded.
The gnoll hits you with a +0 flail!
Ouch! That really hurt!
You die...

#..# ####
######.#########
##.## .
##..........#
#..#
#.#.....#####.
#.## #.#.....##
..# #.....##.#
.## ###.#.#.##
.# ##...## ##
##.## # #@..# #
#.g...# #
#.......#
######.
#.........#
.......
+(...>....+
######.
#....^....# #
##.......## #
##.....##


You could see a gnoll.

Vanquished Creatures
  2 endoplasms (D:1)
  A kobold (D:1)
  A quokka (D:1)
4 creatures vanquished.

Notes
Turn   | Place    | Note
-------+----------+-------------------------------------------
     0 | Abyss:1  | nickcage the Formicid Abyssal Knight began the quest for
                  | the Orb.
     0 | Abyss:1  | Reached XP level 1. HP: 18/18 MP: 2/2
     0 | D:1      | Escaped the Abyss
   377 | D:1      | Mangled by a gnoll

Illustrated notes

Levels and vault maps discovered:
D:1:      dpeg_arrival_arbitrary_c, layout_loops_corners,
          dreamdust_ecumenical_altar_grove, bh_walls_and_bars

Action                   || total
-------------------------++-------
Melee: Falchion          ||    22
Invok: Depart the Abyss  ||     1
Armor: Leather armour    ||     3
Dodge: Dodged            ||    13
